TOP OF THE 1ST |
Columbus Reds batting - Pitching for Niagara Falls Phantoms : LHP Omar Quinones
|
Pitching: LHP Omar Quinones
|
|
Batting: LHB Keith Egan
|
0-0: Fly out, F8 (Line Drive, 8RD, EV 93.8 MPH)
|
Batting: RHB Sang-ton Pak
|
0-0: Swinging Strike 0-1: Called Strike 0-2: Foul Ball, location: 2F 0-2: Foul Ball, location: 2F 0-2: Ball 1-2: Strikes out swinging
|
Batting: RHB Pat McCoy
|
0-0: Swinging Strike 0-1: Called Strike 0-2: Ball 1-2: Strikes out looking
|
Top of the 1st over - 0 runs, 0 hits, 0 errors, 0 left on base; Columbus 0 - Niagara Falls 0 |
BOTTOM OF THE 1ST |
Niagara Falls Phantoms batting - Pitching for Columbus Reds : RHP Brian Trejo
|
Pitching: RHP Brian Trejo
|
|
Batting: RHB Christian Shearer
|
0-0: Foul Ball, location: 2F 0-1: Called Strike 0-2: Ball 1-2: Foul Ball, location: 2F 1-2: Ball 2-2: Fly out, F8 (Flyball, 8LXD, EV 90.0 MPH)
|
Batting: SHB Mukhtar Wa'il
|
0-0: Called Strike 0-1: Foul Ball, location: 2F 0-2: Ball 1-2: DOUBLE (Flyball, 78XD, EV 96.3 MPH)
|
Batting: RHB Devon Utley
|
0-0: Foul Ball, location: 2F 0-1: SINGLE (Groundball, 5S, EV 61.9 MPH) (infield hit) Mukhtar Wa'il to third
|
Batting: LHB Jose Lebron
|
0-0: Ball Devon Utley steals 2nd base 1-0: Ball 2-0: Ball 3-0: Called Strike 3-1: Base on Balls
|
Batting: RHB Alex Colon
|
0-0: Ball 1-0: Swinging Strike 1-1: Fielders Choice at 2nd, 6-4 (Groundball, 6M, EV 81.9 MPH) Mukhtar Wa'il scores Devon Utley to third
|
Batting: LHB Bart Davies
|
0-0: Ball 1-0: Called Strike 1-1: Fly out, F9 (Flyball, 89D, EV 86.3 MPH)
|
Bottom of the 1st over - 1 run, 2 hits, 0 errors, 2 left on base; Columbus 0 - Niagara Falls 1 |
TOP OF THE 2ND |
Columbus Reds batting - Pitching for Niagara Falls Phantoms : LHP Omar Quinones
|
Batting: LHB Tim Kirk
|
0-0: Ball 1-0: Ground out 5-3 (Groundball, 5, EV 100.0 MPH)
|
Batting: RHB R.J. Romberg
|
0-0: Swinging Strike 0-1: Ball 1-1: Foul Ball, location: 2F 1-2: Foul Ball, location: 2F 1-2: Strikes out swinging
|
Batting: RHB Alex Villagomez
|
0-0: Called Strike 0-1: Foul Ball, location: 2F 0-2: Strikes out looking
|
Top of the 2nd over - 0 runs, 0 hits, 0 errors, 0 left on base; Columbus 0 - Niagara Falls 1 |
BOTTOM OF THE 2ND |
Niagara Falls Phantoms batting - Pitching for Columbus Reds : RHP Brian Trejo
|
Batting: RHB Mark Stafford
|
0-0: Ball 1-0: Ball 2-0: Ball 3-0: Called Strike 3-1: Base on Balls
|
Batting: RHB Isaias Chavez
|
0-0: Grounds into double play, 5-4-3 (Groundball, 56, EV 105.0 MPH)
|
Batting: RHB John Sprenkel
|
0-0: Ball 1-0: Called Strike 1-1: Foul Ball, location: 2F 1-2: Ball 2-2: Ball 3-2: Base on Balls
|
Batting: RHB Christian Shearer
|
0-0: Ball 1-0: Called Strike John Sprenkel is caught stealing 2nd base 2-4
|
Bottom of the 2nd over - 0 runs, 0 hits, 0 errors, 0 left on base; Columbus 0 - Niagara Falls 1 |
TOP OF THE 3RD |
Columbus Reds batting - Pitching for Niagara Falls Phantoms : LHP Omar Quinones
|
Batting: RHB Fred Barbour
|
0-0: Called Strike 0-1: Swinging Strike 0-2: Strikes out swinging
|
Batting: LHB Elijah Benton
|
0-0: Called Strike 0-1: Ball 1-1: Called Strike 1-2: Strikes out swinging
|
Batting: RHB Alex de Leon
|
0-0: Called Strike 0-1: Ball 1-1: Ball 2-1: Called Strike 2-2: Strikes out looking
|
Top of the 3rd over - 0 runs, 0 hits, 0 errors, 0 left on base; Columbus 0 - Niagara Falls 1 |
BOTTOM OF THE 3RD |
Niagara Falls Phantoms batting - Pitching for Columbus Reds : RHP Brian Trejo
|
Batting: RHB Christian Shearer
|
0-0: Ball 1-0: SINGLE (Groundball, 5S, EV 65.6 MPH) (infield hit)
|
Batting: SHB Mukhtar Wa'il
|
0-0: Ball 1-0: Swinging Strike 1-1: Ball 2-1: Foul Ball, location: 2F 2-2: Foul Ball, location: 2F 2-2: Strikes out swinging
|
Batting: RHB Devon Utley
|
0-0: Ball 1-0: Ball 2-0: Hit by Pitch Christian Shearer to second
|
Batting: LHB Jose Lebron
|
0-0: Grounds into double play, 5-4-3 (Groundball, 56S, EV 78.1 MPH)
|
Bottom of the 3rd over - 0 runs, 1 hit, 0 errors, 1 left on base; Columbus 0 - Niagara Falls 1 |
TOP OF THE 4TH |
Columbus Reds batting - Pitching for Niagara Falls Phantoms : LHP Omar Quinones
|
Batting: LHB Keith Egan
|
0-0: Called Strike 0-1: SINGLE (Line Drive, 9S, EV 101.9 MPH)
|
Batting: RHB Sang-ton Pak
|
0-0: Called Strike 0-1: Called Strike 0-2: Ball 1-2: Ball Keith Egan steals 2nd base 2-2: Foul Ball, location: 2F 2-2: Strikes out swinging
|
Batting: RHB Pat McCoy
|
0-0: Called Strike 0-1: Swinging Strike 0-2: Strikes out looking
|
Batting: LHB Tim Kirk
|
0-0: Ball 1-0: Ball 2-0: Called Strike 2-1: Ball 3-1: Ground out U3 (Groundball, 34, EV 100.6 MPH)
|
Top of the 4th over - 0 runs, 1 hit, 0 errors, 1 left on base; Columbus 0 - Niagara Falls 1 |
BOTTOM OF THE 4TH |
Niagara Falls Phantoms batting - Pitching for Columbus Reds : RHP Brian Trejo
|
Batting: RHB Alex Colon
|
0-0: Ball 1-0: SINGLE (Groundball, 34D, EV 95.6 MPH)
|
Batting: LHB Bart Davies
|
0-0: Swinging Strike 0-1: Ball 1-1: Swinging Strike 1-2: Ball 2-2: Fly out, F8 (Flyball, 8RD, EV 100.6 MPH)
|
Batting: RHB Mark Stafford
|
0-0: Ball 1-0: Called Strike 1-1: Ball 2-1: SINGLE (Groundball, 6MD, EV 106.9 MPH) Alex Colon to second Runner from 2nd tries for 3rd, SAFE, no throw by CF
|
Batting: RHB Isaias Chavez
|
0-0: SINGLE (Flyball, 89S, EV 93.8 MPH) Alex Colon scores Mark Stafford to second Runner from 2nd tries for 3rd, SAFE, throw by CF made to third
|
Pitching: LHP Davy Thorne
|
|
Batting: RHB John Sprenkel
|
0-0: Ball 1-0: Grounds into double play, 6-4-3 (Groundball, 56, EV 105.6 MPH)
|
Bottom of the 4th over - 1 run, 3 hits, 0 errors, 1 left on base; Columbus 0 - Niagara Falls 2 |
TOP OF THE 5TH |
Columbus Reds batting - Pitching for Niagara Falls Phantoms : LHP Omar Quinones
|
Batting: RHB R.J. Romberg
|
0-0: Ball 1-0: Called Strike 1-1: Foul Ball, location: 2F 1-2: Ball 2-2: Strikes out swinging
|
Batting: RHB Alex Villagomez
|
0-0: Called Strike 0-1: Fly out, F7 (Flyball, 78D, EV 81.3 MPH)
|
Batting: RHB Fred Barbour
|
0-0: Ball 1-0: Foul Ball, location: 2F 1-1: Called Strike 1-2: Ball 2-2: Ball 3-2: Strikes out swinging
|
Top of the 5th over - 0 runs, 0 hits, 0 errors, 0 left on base; Columbus 0 - Niagara Falls 2 |
BOTTOM OF THE 5TH |
Niagara Falls Phantoms batting - Pitching for Columbus Reds : LHP Davy Thorne
|
Batting: RHB Christian Shearer
|
0-0: Fly out, F9 (Flyball, 89S, EV 85.0 MPH)
|
Batting: SHB Mukhtar Wa'il
|
0-0: Ball 1-0: SINGLE (Groundball, 6MD, EV 93.8 MPH)
|
Batting: RHB Devon Utley
|
0-0: Called Strike 0-1: Called Strike 0-2: Ball 1-2: Strikes out swinging
|
Batting: LHB Jose Lebron
|
0-0: Called Strike 0-1: Ball 1-1: Called Strike 1-2: Strikes out swinging
|
Bottom of the 5th over - 0 runs, 1 hit, 0 errors, 1 left on base; Columbus 0 - Niagara Falls 2 |
TOP OF THE 6TH |
Columbus Reds batting - Pitching for Niagara Falls Phantoms : LHP Omar Quinones
|
Batting: LHB Elijah Benton
|
0-0: Called Strike 0-1: Ball 1-1: Foul Ball, location: 2F 1-2: Ball 2-2: Foul Ball, location: 3F, Error on foul ball, E3 2-2: Ball 3-2: Strikes out swinging
|
Batting: RHB Alex de Leon
|
0-0: Swinging Strike 0-1: Ball 1-1: Ball 2-1: Foul Ball, location: 2F 2-2: Ball 3-2: Foul Ball, location: 2F 3-2: Strikes out swinging, 2-3 out at first.
|
Batting: LHB Keith Egan
|
0-0: Ball 1-0: SINGLE (Groundball, 4MD, EV 105.0 MPH)
|
Pitching: RHP Antonio Castillo
|
|
Batting: RHB Sang-ton Pak
|
0-0: Ball 1-0: Ball 2-0: Called Strike Keith Egan is caught stealing 2nd base 2-4
|
Top of the 6th over - 0 runs, 1 hit, 1 error, 0 left on base; Columbus 0 - Niagara Falls 2 |
BOTTOM OF THE 6TH |
Niagara Falls Phantoms batting - Pitching for Columbus Reds : LHP Davy Thorne
|
Batting: RHB Alex Colon
|
0-0: Swinging Strike 0-1: Foul Ball, location: 2F 0-2: Hit by Pitch
|
Batting: LHB Bart Davies
|
0-0: Ball 1-0: Ball 2-0: Ball 3-0: Called Strike 3-1: Called Strike 3-2: Base on Balls Alex Colon to second
|
Batting: RHB Mark Stafford
|
0-0: Ball 1-0: Ball Wild Pitch! Alex Colon to third Bart Davies to second 2-0: Ball 3-0: Base on Balls
|
Batting: RHB Isaias Chavez
|
0-0: Fly out, F7 (Flyball, 7D, EV 93.1 MPH) Runner from 3rd tags up, SCORES, no throw by LF
|
Batting: RHB John Sprenkel
|
0-0: Ball 1-0: Foul Ball, location: 2F 1-1: Foul Ball, location: 2F 1-2: Ball 2-2: Foul Ball, location: 2F 2-2: Ball 3-2: Foul Ball, location: 2F 3-2: Base on Balls Bart Davies to third Mark Stafford to second
|
Batting: RHB Christian Shearer
|
0-0: Called Strike 0-1: Foul Ball, location: 2F 0-2: Foul Ball, location: 2F 0-2: Ball 1-2: Strikes out swinging
|
Batting: SHB Mukhtar Wa'il
|
0-0: Ball 1-0: Foul Ball, location: 2F 1-1: Ball 2-1: Swinging Strike 2-2: Foul Ball, location: 2F 2-2: Strikes out swinging
|
Bottom of the 6th over - 1 run, 0 hits, 0 errors, 3 left on base; Columbus 0 - Niagara Falls 3 |
TOP OF THE 7TH |
Columbus Reds batting - Pitching for Niagara Falls Phantoms : RHP Antonio Castillo
|
Batting: RHB Sang-ton Pak
|
0-0: Ball 1-0: Called Strike 1-1: Ball 2-1: Ground out 5-3 (Groundball, 5S, EV 85.6 MPH)
|
Batting: RHB Pat McCoy
|
0-0: Ball 1-0: Called Strike 1-1: Ball 2-1: Swinging Strike 2-2: Ball 3-2: Foul Ball, location: 2F 3-2: Strikes out swinging
|
Batting: LHB Tim Kirk
|
0-0: Foul Ball, location: 2F 0-1: Ball 1-1: Called Strike 1-2: Foul Ball, location: 2F 1-2: Ball 2-2: Ball 3-2: Foul Ball, location: 2F 3-2: SINGLE (Groundball, 4D, EV 109.4 MPH)
|
Batting: RHB R.J. Romberg
|
0-0: Ball 1-0: Ball 2-0: Called Strike 2-1: Foul Ball, location: 2F 2-2: Foul Ball, location: 2F 2-2: Foul Ball, location: 2F 2-2: SINGLE (Groundball, 6MD, EV 106.3 MPH) Tim Kirk to second
|
Pitching: RHP Jimmy Williams
|
|
Batting: RHB Alex Villagomez
|
0-0: Ball 1-0: Fly out, F9 (Line Drive, 9, EV 97.5 MPH)
|
Top of the 7th over - 0 runs, 2 hits, 0 errors, 2 left on base; Columbus 0 - Niagara Falls 3 |
BOTTOM OF THE 7TH |
Niagara Falls Phantoms batting - Pitching for Columbus Reds : LHP Davy Thorne
|
Batting: RHB Devon Utley
|
0-0: DOUBLE (Flyball, 89D, EV 87.5 MPH)
|
Batting: LHB Jose Lebron
|
0-0: Foul Ball, location: 2F 0-1: SINGLE (Groundball, 56S, EV 67.5 MPH) (infield hit) Devon Utley to third
|
Batting: RHB Alex Colon
|
0-0: Swinging Strike 0-1: Fly out, F8 (Flyball, 8LD, EV 88.8 MPH) Runner from 3rd tags up, SCORES, no throw by CF
|
Batting: LHB Bart Davies
|
0-0: Called Strike 0-1: Ball 1-1: Foul Ball, location: 2F 1-2: Strikes out looking
|
Batting: RHB Mark Stafford
|
0-0: Called Strike 0-1: Called Strike 0-2: Foul Ball, location: 2F 0-2: Strikes out swinging
|
Bottom of the 7th over - 1 run, 2 hits, 0 errors, 1 left on base; Columbus 0 - Niagara Falls 4 |
TOP OF THE 8TH |
Columbus Reds batting - Pitching for Niagara Falls Phantoms : RHP Jimmy Williams
|
Batting: RHB Fred Barbour
|
0-0: Ball 1-0: Foul Ball, location: 2F 1-1: Swinging Strike 1-2: Strikes out swinging
|
Batting: LHB Elijah Benton
|
0-0: Ball 1-0: Foul Ball, location: 2F 1-1: Swinging Strike 1-2: Foul Ball, location: 2F 1-2: Foul Ball, location: 2F 1-2: Fly out, F8 (Flyball, 8RD, EV 101.3 MPH)
|
Batting: RHB Alex de Leon
|
0-0: Foul Ball, location: 2F 0-1: Ball 1-1: Swinging Strike 1-2: Strikes out looking
|
Top of the 8th over - 0 runs, 0 hits, 0 errors, 0 left on base; Columbus 0 - Niagara Falls 4 |
BOTTOM OF THE 8TH |
Niagara Falls Phantoms batting - Pitching for Columbus Reds : LHP Davy Thorne
|
Batting: RHB Isaias Chavez
|
0-0: Ball 1-0: Ground out 6-3 (Groundball, 6, EV 77.5 MPH)
|
Pitching: RHP Dave Baber
|
|
Batting: RHB John Sprenkel
|
0-0: Called Strike 0-1: Swinging Strike 0-2: Foul Ball, location: 2F 0-2: Ground out 4-3 (Groundball, 4, EV 106.3 MPH)
|
Batting: RHB Christian Shearer
|
0-0: Swinging Strike 0-1: Foul Ball, location: 2F 0-2: Ball 1-2: Foul Ball, location: 2F 1-2: Strikes out swinging
|
Bottom of the 8th over - 0 runs, 0 hits, 0 errors, 0 left on base; Columbus 0 - Niagara Falls 4 |
TOP OF THE 9TH |
Columbus Reds batting - Pitching for Niagara Falls Phantoms : RHP Jimmy Williams
|
Batting: LHB Keith Egan
|
0-0: Ball 1-0: Ball 2-0: Swinging Strike 2-1: Fly out, F3 (Popup, 3SF, EV 72.5 MPH)
|
Batting: RHB Sang-ton Pak
|
0-0: Called Strike 0-1: Called Strike 0-2: Strikes out swinging
|
Batting: RHB Pat McCoy
|
0-0: Ball 1-0: Ball 2-0: Foul Ball, location: 2F 2-1: Foul Ball, location: 2F 2-2: Ball 3-2: Foul Ball, location: 2F 3-2: Strikes out swinging
|
Top of the 9th over - 0 runs, 0 hits, 0 errors, 0 left on base; Columbus 0 - Niagara Falls 4 |
|